[ AOE2 MATCH · #477834184 ]
UnrankedBerbers vs Franks
[ REPLAY ANALYSIS · EXTRACTED FROM THE RECORDED GAME ]
Feudal
—
Castle
—
Imperial
—
| APM avg | 63.0 |
| APM peak | 211 |
| eAPM avg | 62.2 |
| Villagers / military | 432 / 1902 |
Focus
⚔️ 62.1% · 🌾 37.9%
Knight ×527 · Camel Scout ×520 · Camel Archer ×465 · Trade Cart ×267 · Scout Cavalry ×106 · Mangonel ×94
Feudal
—
Castle
—
Imperial
—
| APM avg | 46.8 |
| APM peak | 116 |
| eAPM avg | 43.5 |
| Villagers / military | 259 / 1535 |
Focus
⚔️ 53.3% · 🌾 46.7%
Mameluke ×645 · Hand Cannoneer ×315 · Camel Scout ×279 · Mangonel ×235 · Trade Cart ×120 · Trebuchet (Packed) ×40
Feudal
—
Castle
—
Imperial
—
| APM avg | 60.0 |
| APM peak | 158 |
| eAPM avg | 53.6 |
| Villagers / military | 431 / 1247 |
Focus
⚔️ 47.6% · 🌾 52.4%
Mameluke ×904 · Camel Scout ×190 · Trade Cart ×170 · Trebuchet (Packed) ×70 · Mangonel ×58 · Bombard Cannon ×25
Feudal
—
Castle
—
Imperial
—
| APM avg | 18.4 |
| APM peak | 87 |
| eAPM avg | 16.2 |
| Villagers / military | 178 / 1219 |
Focus
⚔️ 58.3% · 🌾 41.7%
Knight ×769 · Spearman ×425 · Trade Cart ×130 · Trebuchet (Packed) ×20 · Throwing Axeman ×5
Feudal
—
Castle
—
Imperial
—
| APM avg | 57.9 |
| APM peak | 174 |
| eAPM avg | 54.9 |
| Villagers / military | 283 / 1249 |
Focus
⚔️ 50.0% · 🌾 50.0%
Knight ×592 · Teutonic Knight ×556 · Trade Cart ×110 · Battering Ram ×101
Feudal
—
Castle
—
Imperial
—
| APM avg | 30.4 |
| APM peak | 62 |
| eAPM avg | 27.0 |
| Villagers / military | 297 / 1109 |
Focus
⚔️ 47.8% · 🌾 52.2%
Camel Scout ×565 · Scorpion ×302 · Bombard Cannon ×116 · Trade Cart ×90 · Scout Cavalry ×90 · Shotel Warrior ×36
Feudal
—
Castle
—
Imperial
—
| APM avg | 51.1 |
| APM peak | 111 |
| eAPM avg | 47.0 |
| Villagers / military | 449 / 1877 |
Focus
⚔️ 69.2% · 🌾 30.8%
Militia ×1256 · Hand Cannoneer ×237 · Knight ×225 · Trade Cart ×136 · Conquistador ×69 · Mangonel ×40
Feudal
—
Castle
—
Imperial
—
| APM avg | 33.6 |
| APM peak | 86 |
| eAPM avg | 22.1 |
| Villagers / military | 141 / 916 |
Focus
⚔️ 42.8% · 🌾 57.2%
Knight ×893 · Trade Cart ×95 · Bombard Cannon ×16 · Mangonel ×7
Match map
Initial resources + every placement click. Lines = walls · curves = elevation contours. ◆ gold · ⬟ stone · ● berries · ✦ relic · ◌ wall gap
Your base· ✓ Map-separated
troygracie's base· ✓ Map-separated
jasi's base· ✓ Map-separated
wololo's base· ✓ Map-separated
PAYTO1762's base· ✓ Map-separated
Fire_Drake_Of_Gondolin's base· ✓ Map-separated
BlackHorse's base· ✓ Map-separated
koru7766's base· ✓ Map-separated
Smoothed initial terrain · ◌ = detected wall gap · hover for details
Inputs per minute
— ANCIANO - - troygracie
Build order — ANCIANO
First 150 of 1143 actions detected
| 0:04 | Create | Villager (Male) ×5 |
| 0:04 | Create | Villager (Male) ×5 |
| 0:04 | Create | Villager (Male) ×5 |
| 0:04 | Create | Villager (Male) ×5 |
| 0:05 | Create | Villager (Male) ×5 |
| 0:09 | Build | Market |
| 0:12 | Build | Town Center |
| 0:12 | Build | Town Center |
| 0:12 | Build | Town Center |
| 0:13 | Build | Town Center |
| 0:13 | Build | Town Center |
| 0:13 | Build | Town Center |
| 0:14 | Build | Town Center |
| 0:14 | Build | Town Center |
| 0:14 | Build | Town Center |
| 0:15 | Build | Town Center |
| 0:15 | Build | Town Center |
| 0:27 | Build | Town Center |
| 0:28 | Build | Town Center |
| 0:28 | Build | Town Center |
| 0:29 | Build | Town Center |
| 0:29 | Build | Town Center |
| 0:35 | Build | Town Center |
| 0:36 | Build | Town Center |
| 0:37 | Build | Town Center |
| 0:37 | Build | Town Center |
| 0:37 | Build | Town Center |
| 0:37 | Build | Town Center |
| 0:38 | Build | Town Center |
| 0:46 | Build | Town Center |
| 0:47 | Build | Town Center |
| 0:47 | Build | Town Center |
| 0:48 | Build | Town Center |
| 0:48 | Build | Town Center |
| 0:48 | Build | Town Center |
| 0:56 | Build | Town Center |
| 0:57 | Build | Town Center |
| 1:12 | Create | Villager (Male) ×5 |
| 1:12 | Create | Villager (Male) ×5 |
| 1:12 | Create | Villager (Male) ×5 |
| 1:12 | Create | Villager (Male) ×5 |
| 1:13 | Create | Villager (Male) ×5 |
| 1:13 | Create | Villager (Male) ×2 |
| 1:20 | Build | Market |
| 1:22 | Build | Market |
| 1:24 | Build | Market |
| 2:00 | Create | Villager (Male) ×5 |
| 2:01 | Create | Villager (Male) ×5 |
| 2:01 | Create | Villager (Male) ×5 |
| 2:01 | Create | Villager (Male) ×5 |
| 2:02 | Create | Villager (Male) ×5 |
| 2:02 | Create | Villager (Male) ×5 |
| 2:02 | Create | Villager (Male) ×5 |
| 2:02 | Create | Villager (Male) ×5 |
| 2:03 | Create | Villager (Male) ×5 |
| 2:08 | Build | Town Center |
| 2:09 | Build | Town Center |
| 2:10 | Build | Town Center |
| 2:10 | Build | Town Center |
| 2:11 | Build | Town Center |
| 2:15 | Build | Town Center |
| 2:16 | Build | Town Center |
| 2:17 | Build | Town Center |
| 2:17 | Build | Town Center |
| 2:20 | Build | Town Center |
| 2:20 | Build | Town Center |
| 2:20 | Build | Town Center |
| 2:22 | Build | Town Center |
| 2:23 | Build | Town Center |
| 2:24 | Build | Town Center |
| 2:25 | Build | Town Center |
| 2:27 | Build | Town Center |
| 2:28 | Build | Town Center |
| 2:30 | Build | Town Center |
| 2:30 | Build | Town Center |
| 3:17 | Create | Villager (Male) ×5 |
| 3:18 | Create | Villager (Male) ×5 |
| 3:18 | Create | Villager (Male) ×5 |
| 3:18 | Create | Villager (Male) ×5 |
| 3:18 | Create | Villager (Male) ×5 |
| 3:19 | Create | Villager (Male) ×5 |
| 3:20 | Create | Villager (Male) ×5 |
| 3:20 | Create | Villager (Male) ×5 |
| 3:20 | Create | Villager (Male) ×5 |
| 3:20 | Create | Villager (Male) ×5 |
| 3:21 | Create | Villager (Male) ×5 |
| 3:21 | Create | Villager (Male) ×5 |
| 3:35 | Build | Castle |
| 3:38 | Build | Castle |
| 3:43 | Build | Castle |
| 3:57 | Create | Villager (Male) ×5 |
| 3:57 | Create | Villager (Male) ×5 |
| 3:57 | Create | Villager (Male) ×5 |
| 3:57 | Create | Villager (Male) ×5 |
| 3:58 | Create | Villager (Male) ×5 |
| 3:58 | Create | Villager (Male) ×5 |
| 3:58 | Create | Villager (Male) ×5 |
| 3:58 | Create | Villager (Male) ×5 |
| 3:59 | Create | Villager (Male) ×5 |
| 3:59 | Create | Villager (Male) ×5 |
| 4:26 | Build | Market |
| 4:28 | Build | Market |
| 4:30 | Build | Market |
| 4:32 | Build | Market |
| 4:34 | Build | Market |
| 4:35 | Build | Market |
| 4:44 | Build | House |
| 4:54 | Build | House |
| 4:56 | Build | House |
| 4:57 | Build | House |
| 4:57 | Build | House |
| 4:57 | Build | House |
| 4:57 | Build | House |
| 4:58 | Build | House |
| 4:58 | Build | House |
| 4:58 | Build | House |
| 4:59 | Build | House |
| 4:59 | Build | House |
| 4:59 | Build | House |
| 4:59 | Build | House |
| 5:00 | Build | House |
| 5:00 | Build | House |
| 5:05 | Create | Villager (Male) ×5 |
| 5:05 | Create | Villager (Male) ×5 |
| 5:06 | Create | Villager (Male) ×5 |
| 5:06 | Create | Villager (Male) ×5 |
| 5:06 | Create | Villager (Male) ×5 |
| 5:07 | Create | Villager (Male) ×5 |
| 5:07 | Create | Villager (Male) ×5 |
| 5:07 | Create | Villager (Male) ×5 |
| 5:15 | Build | Mining Camp |
| 5:18 | Build | Mining Camp |
| 5:26 | Build | Mining Camp |
| 5:40 | Build | Lumber Camp |
| 5:43 | Build | Lumber Camp |
| 5:47 | Build | Lumber Camp |
| 5:52 | Build | Lumber Camp |
| 5:58 | Build | Market |
| 6:00 | Build | Market |
| 6:02 | Build | Market |
| 6:06 | Build | Market |
| 6:07 | Build | Market |
| 6:09 | Build | Market |
| 6:14 | Build | Market |
| 6:16 | Build | Market |
| 6:18 | Build | Market |
| 6:20 | Build | Market |
| 6:22 | Build | Market |
| 6:25 | Create | Villager (Male) ×5 |
| 6:26 | Create | Villager (Male) ×5 |
Build order — troygracie
First 150 of 894 actions detected
| 0:02 | Build | Market |
| 0:04 | Create | Villager (Male) ×5 |
| 0:16 | Build | Town Center |
| 0:18 | Build | Town Center |
| 0:19 | Build | Town Center |
| 0:21 | Build | Town Center |
| 0:22 | Build | Town Center |
| 0:23 | Build | Town Center |
| 0:24 | Build | Town Center |
| 0:25 | Build | Town Center |
| 0:27 | Build | Town Center |
| 0:32 | Build | Town Center |
| 0:33 | Build | Town Center |
| 0:35 | Build | Town Center |
| 0:35 | Build | Town Center |
| 0:38 | Build | Town Center |
| 0:39 | Build | Town Center |
| 0:41 | Build | Town Center |
| 0:42 | Build | Town Center |
| 0:44 | Build | Town Center |
| 0:45 | Build | Town Center |
| 0:47 | Build | Town Center |
| 0:48 | Build | Town Center |
| 0:50 | Build | Town Center |
| 0:52 | Build | Town Center |
| 0:54 | Build | Town Center |
| 0:55 | Build | Town Center |
| 0:57 | Build | Town Center |
| 0:58 | Build | Town Center |
| 1:04 | Build | Market |
| 1:10 | Create | Villager (Male) ×5 |
| 1:10 | Create | Villager (Male) |
| 1:10 | Create | Villager (Male) |
| 1:12 | Create | Villager (Male) ×5 |
| 1:12 | Create | Villager (Male) ×5 |
| 1:12 | Create | Villager (Male) ×5 |
| 1:14 | Create | Villager (Male) ×5 |
| 1:14 | Create | Villager (Male) ×5 |
| 1:18 | Create | Villager (Male) ×5 |
| 1:18 | Create | Villager (Male) ×5 |
| 1:19 | Create | Villager (Male) |
| 1:20 | Create | Villager (Male) |
| 1:21 | Create | Villager (Male) |
| 1:22 | Build | Market |
| 1:23 | Build | Market |
| 1:25 | Build | Market |
| 1:28 | Create | Villager (Male) ×5 |
| 1:29 | Create | Villager (Male) ×5 |
| 1:29 | Create | Villager (Male) ×5 |
| 1:33 | Build | House |
| 1:34 | Build | House |
| 1:34 | Build | House |
| 1:35 | Build | House |
| 1:35 | Build | House |
| 1:35 | Build | House |
| 1:36 | Build | House |
| 1:37 | Build | House |
| 1:37 | Build | House |
| 1:38 | Build | House |
| 1:38 | Build | House |
| 1:39 | Build | House |
| 1:39 | Build | House |
| 1:40 | Build | House |
| 1:41 | Build | House |
| 1:41 | Build | House |
| 1:41 | Build | House |
| 1:42 | Build | House |
| 1:44 | Build | Market |
| 1:45 | Build | Market |
| 1:46 | Build | Market |
| 1:47 | Build | Market |
| 1:49 | Build | Market |
| 1:49 | Build | Market |
| 1:50 | Build | Market |
| 1:51 | Build | Market |
| 1:53 | Build | Market |
| 1:56 | Create | Villager (Male) ×5 |
| 1:57 | Create | Villager (Male) |
| 1:57 | Create | Villager (Male) ×5 |
| 1:57 | Create | Villager (Male) ×5 |
| 1:57 | Create | Villager (Male) ×5 |
| 1:58 | Create | Villager (Male) ×5 |
| 2:02 | Build | House |
| 2:02 | Build | House |
| 2:02 | Build | House |
| 2:03 | Build | House |
| 2:03 | Build | House |
| 2:04 | Build | House |
| 2:05 | Build | House |
| 2:05 | Build | House |
| 2:05 | Build | House |
| 2:06 | Build | House |
| 2:06 | Build | House |
| 2:07 | Build | House |
| 2:08 | Build | House |
| 2:08 | Build | House |
| 2:09 | Build | House |
| 2:09 | Build | House |
| 2:11 | Build | Mining Camp |
| 2:15 | Create | Villager (Male) ×5 |
| 2:15 | Create | Villager (Male) ×5 |
| 2:15 | Create | Villager (Male) ×5 |
| 2:16 | Create | Villager (Male) ×5 |
| 2:16 | Create | Villager (Male) ×5 |
| 2:16 | Create | Villager (Male) ×5 |
| 2:17 | Create | Villager (Male) ×5 |
| 2:21 | Build | Mining Camp |
| 2:34 | Build | Mining Camp |
| 2:37 | Build | Lumber Camp |
| 2:39 | Create | Villager (Male) ×5 |
| 2:39 | Create | Villager (Male) ×5 |
| 2:39 | Create | Villager (Male) ×5 |
| 2:40 | Create | Villager (Male) ×5 |
| 2:40 | Create | Villager (Male) ×5 |
| 2:40 | Create | Villager (Male) ×5 |
| 2:40 | Create | Villager (Male) ×5 |
| 2:43 | Build | Mining Camp |
| 2:47 | Build | House |
| 2:47 | Build | House |
| 2:48 | Build | House |
| 2:48 | Build | House |
| 2:48 | Build | House |
| 2:49 | Build | House |
| 2:50 | Build | House |
| 2:50 | Build | House |
| 2:50 | Build | House |
| 2:51 | Build | House |
| 2:52 | Build | House |
| 2:52 | Build | House |
| 2:53 | Build | House |
| 2:53 | Build | House |
| 2:57 | Build | Mining Camp |
| 2:59 | Create | Villager (Male) ×5 |
| 3:00 | Create | Villager (Male) ×5 |
| 3:00 | Create | Villager (Male) ×5 |
| 3:00 | Create | Villager (Male) ×5 |
| 3:00 | Create | Villager (Male) ×5 |
| 3:01 | Create | Villager (Male) ×5 |
| 3:01 | Create | Villager (Male) ×5 |
| 3:01 | Create | Villager (Male) ×5 |
| 3:03 | Build | Mining Camp |
| 3:09 | Build | Lumber Camp |
| 3:11 | Build | Lumber Camp |
| 3:14 | Create | Villager (Male) ×5 |
| 3:14 | Create | Villager (Male) ×5 |
| 3:14 | Create | Villager (Male) |
| 3:15 | Create | Villager (Male) |
| 3:15 | Create | Villager (Male) ×5 |
| 3:15 | Create | Villager (Male) ×5 |
| 3:16 | Create | Villager (Male) ×5 |
Build order — jasi
First 150 of 737 actions detected
| 0:02 | Create | Villager (Male) ×5 |
| 0:03 | Create | Villager (Male) ×5 |
| 0:03 | Create | Villager (Male) ×5 |
| 0:03 | Create | Villager (Male) ×5 |
| 0:06 | Build | Town Center |
| 0:07 | Build | Town Center |
| 0:07 | Build | Town Center |
| 0:07 | Build | Town Center |
| 0:08 | Build | Town Center |
| 0:08 | Build | Town Center |
| 0:08 | Build | Town Center |
| 0:09 | Build | Town Center |
| 0:11 | Build | Town Center |
| 0:11 | Build | Town Center |
| 0:12 | Build | Town Center |
| 0:12 | Build | Town Center |
| 0:12 | Build | Town Center |
| 0:13 | Build | Town Center |
| 0:14 | Build | Town Center |
| 0:14 | Build | Town Center |
| 0:15 | Build | Town Center |
| 0:15 | Build | Town Center |
| 0:15 | Build | Town Center |
| 0:15 | Build | Town Center |
| 0:16 | Build | Town Center |
| 0:16 | Build | Town Center |
| 0:18 | Build | Town Center |
| 0:19 | Build | Town Center |
| 0:19 | Build | Town Center |
| 0:19 | Build | Town Center |
| 0:20 | Build | Town Center |
| 0:21 | Build | Town Center |
| 0:36 | Build | Market |
| 0:39 | Build | Market |
| 0:41 | Create | Villager (Male) ×5 |
| 0:41 | Create | Villager (Male) ×5 |
| 0:42 | Create | Villager (Male) ×5 |
| 0:42 | Create | Villager (Male) ×5 |
| 0:49 | Create | Villager (Male) ×5 |
| 0:49 | Create | Villager (Male) ×5 |
| 0:49 | Create | Villager (Male) ×5 |
| 0:50 | Create | Villager (Male) ×5 |
| 0:56 | Build | Market |
| 0:57 | Build | Market |
| 0:58 | Build | Market |
| 0:59 | Build | Market |
| 1:01 | Build | Market |
| 1:01 | Build | Market |
| 1:03 | Build | Market |
| 1:04 | Build | Market |
| 1:07 | Create | Villager (Male) ×5 |
| 1:07 | Create | Villager (Male) ×5 |
| 1:07 | Create | Villager (Male) ×5 |
| 1:08 | Create | Villager (Male) ×5 |
| 1:19 | Build | House |
| 1:20 | Build | House |
| 1:21 | Build | House |
| 1:22 | Build | House |
| 1:23 | Build | House |
| 1:23 | Build | House |
| 1:24 | Build | House |
| 1:24 | Build | House |
| 1:24 | Build | House |
| 1:25 | Build | House |
| 1:25 | Build | House |
| 1:25 | Build | House |
| 1:26 | Build | House |
| 1:26 | Build | House |
| 1:27 | Build | House |
| 1:27 | Build | House |
| 1:27 | Build | House |
| 1:28 | Build | House |
| 1:28 | Build | House |
| 1:28 | Build | House |
| 1:29 | Build | House |
| 1:29 | Build | House |
| 1:29 | Build | House |
| 1:30 | Build | House |
| 1:30 | Build | House |
| 1:30 | Build | House |
| 1:31 | Build | House |
| 1:31 | Build | House |
| 1:31 | Build | House |
| 1:32 | Build | House |
| 1:32 | Build | House |
| 1:33 | Build | House |
| 1:33 | Build | House |
| 1:33 | Build | House |
| 1:34 | Build | House |
| 1:34 | Build | House |
| 1:35 | Build | House |
| 1:37 | Create | Villager (Male) ×5 |
| 1:37 | Create | Villager (Male) ×5 |
| 1:37 | Create | Villager (Male) ×5 |
| 1:38 | Create | Villager (Male) ×5 |
| 1:39 | Create | Villager (Male) |
| 1:39 | Create | Villager (Male) |
| 1:44 | Create | Villager (Male) ×5 |
| 1:45 | Create | Villager (Male) ×5 |
| 1:45 | Create | Villager (Male) ×5 |
| 1:45 | Create | Villager (Male) ×5 |
| 1:59 | Create | Villager (Male) ×2 |
| 2:00 | Create | Villager (Male) ×5 |
| 2:00 | Create | Villager (Male) ×5 |
| 2:00 | Create | Villager (Male) ×5 |
| 2:01 | Create | Villager (Male) ×5 |
| 2:15 | Create | Villager (Male) ×4 |
| 2:15 | Create | Villager (Male) ×4 |
| 2:27 | Create | Villager (Male) ×5 |
| 2:28 | Create | Villager (Male) ×5 |
| 2:28 | Create | Villager (Male) ×5 |
| 2:28 | Create | Villager (Male) ×5 |
| 2:29 | Create | Villager (Male) ×5 |
| 2:39 | Create | Villager (Male) ×5 |
| 2:39 | Create | Villager (Male) ×5 |
| 2:40 | Create | Villager (Male) ×5 |
| 2:40 | Create | Villager (Male) ×5 |
| 2:40 | Create | Villager (Male) ×2 |
| 2:48 | Create | Villager (Male) ×5 |
| 2:48 | Create | Villager (Male) ×5 |
| 2:49 | Create | Villager (Male) ×5 |
| 2:49 | Create | Villager (Male) ×5 |
| 2:49 | Create | Villager (Male) ×2 |
| 3:00 | Create | Villager (Male) ×5 |
| 3:00 | Create | Villager (Male) ×5 |
| 3:01 | Create | Villager (Male) ×5 |
| 3:01 | Create | Villager (Male) ×5 |
| 3:01 | Create | Villager (Male) ×5 |
| 3:02 | Create | Villager (Male) ×5 |
| 3:02 | Create | Villager (Male) ×5 |
| 3:02 | Create | Villager (Male) ×5 |
| 3:25 | Create | Villager (Male) ×5 |
| 3:26 | Create | Villager (Male) ×5 |
| 3:26 | Create | Villager (Male) ×5 |
| 3:27 | Create | Villager (Male) ×5 |
| 3:27 | Create | Villager (Male) ×5 |
| 3:27 | Create | Villager (Male) ×5 |
| 3:28 | Create | Villager (Male) ×5 |
| 3:28 | Create | Villager (Male) ×5 |
| 3:28 | Create | Villager (Male) ×5 |
| 3:29 | Create | Villager (Male) ×5 |
| 3:29 | Create | Villager (Male) ×5 |
| 3:29 | Create | Villager (Male) ×5 |
| 3:30 | Create | Villager (Male) ×5 |
| 3:30 | Create | Villager (Male) ×5 |
| 3:30 | Create | Villager (Male) ×5 |
| 3:42 | Create | Villager (Male) ×5 |
| 3:42 | Create | Villager (Male) ×5 |
| 3:42 | Create | Villager (Male) ×5 |
| 3:43 | Create | Villager (Male) ×5 |
Build order — wololo
First 150 of 488 actions detected
| 0:05 | Create | Villager (Male) |
| 0:05 | Create | Villager (Male) |
| 0:05 | Create | Villager (Male) |
| 0:06 | Create | Villager (Male) |
| 0:06 | Create | Villager (Male) |
| 0:09 | Build | House |
| 0:20 | Build | Town Center |
| 0:29 | Build | Town Center |
| 0:38 | Build | Town Center |
| 0:40 | Create | Villager (Male) ×5 |
| 0:41 | Create | Villager (Male) ×5 |
| 0:41 | Create | Villager (Male) ×5 |
| 0:45 | Build | House |
| 0:58 | Build | Farm |
| 1:09 | Build | Market |
| 1:21 | Build | Market |
| 1:23 | Build | Market |
| 1:25 | Build | Market |
| 1:26 | Build | Market |
| 1:31 | Build | Farm |
| 1:34 | Create | Villager (Male) ×5 |
| 1:34 | Create | Villager (Male) ×5 |
| 1:34 | Create | Villager (Male) ×5 |
| 1:44 | Create | Villager (Male) ×5 |
| 1:44 | Create | Villager (Male) ×5 |
| 1:44 | Create | Villager (Male) ×5 |
| 1:47 | Create | Villager (Male) ×5 |
| 1:47 | Create | Villager (Male) ×5 |
| 1:48 | Create | Villager (Male) ×5 |
| 1:48 | Create | Villager (Male) ×5 |
| 1:55 | Build | Farm |
| 2:18 | Build | Farm |
| 2:45 | Build | House |
| 2:46 | Build | House |
| 2:48 | Build | House |
| 2:49 | Build | House |
| 2:50 | Build | House |
| 2:51 | Build | House |
| 2:53 | Build | House |
| 2:54 | Build | House |
| 3:12 | Build | Town Center |
| 3:28 | Build | House |
| 3:29 | Build | House |
| 3:31 | Build | House |
| 3:32 | Build | House |
| 3:33 | Build | House |
| 3:34 | Build | House |
| 3:36 | Build | House |
| 3:37 | Build | House |
| 3:39 | Build | House |
| 3:40 | Build | House |
| 3:45 | Build | Farm |
| 4:01 | Create | Villager (Male) ×5 |
| 4:01 | Create | Villager (Male) ×5 |
| 4:02 | Create | Villager (Male) ×5 |
| 4:13 | Build | Town Center |
| 4:30 | Create | Villager (Male) ×5 |
| 4:30 | Create | Villager (Male) ×4 |
| 4:42 | Create | Trade Cart ×5 |
| 4:42 | Create | Trade Cart ×5 |
| 4:42 | Create | Trade Cart ×5 |
| 4:43 | Create | Trade Cart ×5 |
| 4:43 | Create | Trade Cart ×5 |
| 4:43 | Create | Trade Cart ×5 |
| 4:43 | Create | Trade Cart ×5 |
| 4:44 | Create | Trade Cart ×5 |
| 4:44 | Create | Trade Cart ×5 |
| 4:44 | Create | Trade Cart ×5 |
| 4:44 | Create | Trade Cart ×5 |
| 4:45 | Create | Trade Cart ×5 |
| 5:13 | Build | Stone Wall |
| 5:19 | Build | Farm |
| 5:20 | Build | Farm |
| 5:38 | Build | Mining Camp |
| 5:46 | Build | Farm |
| 5:56 | Build | Mining Camp |
| 6:00 | Create | Villager (Male) ×5 |
| 6:00 | Create | Villager (Male) ×5 |
| 6:00 | Create | Villager (Male) ×5 |
| 6:01 | Create | Villager (Male) ×5 |
| 6:13 | Build | Farm |
| 6:20 | Build | House |
| 6:22 | Build | House |
| 6:23 | Build | House |
| 6:24 | Build | House |
| 6:25 | Build | House |
| 6:27 | Build | House |
| 6:28 | Build | House |
| 6:30 | Build | House |
| 6:32 | Build | House |
| 6:33 | Build | House |
| 6:34 | Build | House |
| 6:36 | Build | House |
| 6:37 | Build | House |
| 6:38 | Build | House |
| 6:45 | Build | Farm |
| 6:48 | Build | Farm |
| 6:54 | Create | Villager (Male) ×5 |
| 6:54 | Create | Villager (Male) ×5 |
| 6:55 | Create | Villager (Male) ×5 |
| 7:07 | Build | Farm |
| 7:11 | Create | Villager (Male) ×5 |
| 7:12 | Create | Villager (Male) ×5 |
| 7:12 | Create | Villager (Male) ×5 |
| 7:16 | Build | Farm |
| 7:25 | Build | Farm |
| 7:30 | Build | Farm |
| 7:31 | Build | Farm |
| 7:40 | Create | Villager (Male) ×5 |
| 7:40 | Create | Villager (Male) ×5 |
| 7:40 | Create | Villager (Male) ×4 |
| 8:09 | Build | Gate |
| 8:20 | Build | Stone Wall |
| 8:26 | Build | Farm |
| 8:27 | Build | Farm |
| 8:36 | Build | Farm |
| 8:40 | Build | Farm |
| 8:43 | Build | Farm |
| 8:47 | Build | Farm |
| 8:50 | Build | Farm |
| 8:55 | Build | Farm |
| 9:01 | Build | Mining Camp |
| 9:20 | Build | Stone Wall |
| 9:32 | Build | Stone Wall |
| 9:53 | Build | Farm |
| 9:54 | Build | Farm |
| 9:56 | Build | Farm |
| 10:03 | Build | Farm |
| 10:04 | Build | Farm |
| 10:08 | Build | Farm |
| 10:18 | Build | Farm |
| 10:25 | Build | Farm |
| 10:27 | Build | Farm |
| 10:30 | Build | Farm |
| 10:32 | Build | Farm |
| 10:34 | Build | Farm |
| 10:49 | Build | Castle |
| 10:59 | Create | Villager (Male) ×5 |
| 11:00 | Create | Villager (Male) ×5 |
| 11:05 | Build | Farm |
| 11:09 | Build | Farm |
| 11:20 | Build | Farm |
| 11:21 | Build | Farm |
| 11:23 | Build | Farm |
| 11:45 | Build | Lumber Camp |
| 12:06 | Build | Gate |
| 12:29 | Build | Gate |
| 12:48 | Build | Stable |
| 12:49 | Build | Stable |
| 12:51 | Build | Stable |
Build order — PAYTO1762
First 150 of 833 actions detected
| 0:32 | Build | Market |
| 0:34 | Build | Market |
| 0:36 | Build | Lumber Camp |
| 0:40 | Build | Town Center |
| 0:41 | Build | Town Center |
| 0:41 | Build | Town Center |
| 0:41 | Build | Town Center |
| 0:42 | Build | Town Center |
| 0:42 | Build | Town Center |
| 0:42 | Build | Town Center |
| 0:42 | Build | Town Center |
| 0:45 | Build | Town Center |
| 0:46 | Build | Town Center |
| 0:46 | Build | Town Center |
| 0:46 | Build | Town Center |
| 0:47 | Build | Town Center |
| 0:47 | Build | Town Center |
| 0:47 | Build | Town Center |
| 0:48 | Build | Town Center |
| 0:48 | Build | Town Center |
| 0:48 | Build | Town Center |
| 0:48 | Build | Town Center |
| 0:52 | Build | Town Center |
| 0:52 | Build | Town Center |
| 0:53 | Build | Town Center |
| 0:53 | Build | Town Center |
| 0:53 | Build | Town Center |
| 0:54 | Build | Town Center |
| 0:55 | Build | Town Center |
| 0:56 | Build | Town Center |
| 0:56 | Build | Town Center |
| 0:59 | Build | Town Center |
| 1:00 | Build | Town Center |
| 1:00 | Build | Town Center |
| 1:00 | Build | Town Center |
| 1:00 | Build | Town Center |
| 1:01 | Build | Town Center |
| 1:01 | Build | Town Center |
| 1:06 | Build | Town Center |
| 1:06 | Build | Town Center |
| 1:07 | Build | Town Center |
| 1:07 | Build | Town Center |
| 1:08 | Build | Town Center |
| 1:08 | Build | Town Center |
| 1:08 | Build | Town Center |
| 1:09 | Build | Town Center |
| 1:09 | Build | Town Center |
| 1:09 | Build | Town Center |
| 1:12 | Build | Town Center |
| 1:12 | Build | Town Center |
| 1:12 | Build | Town Center |
| 1:13 | Build | Town Center |
| 1:13 | Build | Town Center |
| 1:13 | Build | Town Center |
| 1:19 | Build | Town Center |
| 1:19 | Build | Town Center |
| 1:20 | Build | Town Center |
| 1:20 | Build | Town Center |
| 1:20 | Build | Town Center |
| 1:21 | Build | Town Center |
| 1:21 | Build | Town Center |
| 1:21 | Build | Town Center |
| 1:28 | Build | Market |
| 1:28 | Build | Market |
| 1:29 | Build | Market |
| 1:29 | Build | Market |
| 1:30 | Build | Market |
| 1:30 | Build | Market |
| 1:31 | Build | Market |
| 1:31 | Build | Market |
| 1:33 | Build | Market |
| 1:33 | Build | Market |
| 1:34 | Build | Market |
| 1:34 | Build | Market |
| 1:35 | Build | Market |
| 1:36 | Build | Market |
| 1:40 | Build | Market |
| 1:41 | Build | Market |
| 1:42 | Build | Market |
| 1:42 | Build | Market |
| 1:43 | Build | Market |
| 1:45 | Build | Market |
| 1:46 | Build | Market |
| 1:46 | Build | Market |
| 1:46 | Build | Market |
| 1:57 | Build | House |
| 1:57 | Build | House |
| 1:57 | Build | House |
| 1:58 | Build | House |
| 1:58 | Build | House |
| 1:58 | Build | House |
| 1:59 | Build | House |
| 1:59 | Build | House |
| 1:59 | Build | House |
| 2:00 | Build | House |
| 2:01 | Build | House |
| 2:02 | Build | House |
| 2:02 | Build | House |
| 2:03 | Build | House |
| 2:04 | Build | House |
| 2:04 | Build | House |
| 2:05 | Build | House |
| 2:05 | Build | House |
| 2:06 | Build | House |
| 2:08 | Build | House |
| 2:09 | Build | House |
| 2:09 | Build | House |
| 2:09 | Build | House |
| 2:10 | Build | House |
| 2:10 | Build | House |
| 2:13 | Build | Stone Wall |
| 2:15 | Build | Gate |
| 2:18 | Build | Gate |
| 2:21 | Build | House |
| 2:22 | Build | House |
| 2:22 | Build | House |
| 2:23 | Build | House |
| 2:23 | Build | House |
| 2:24 | Build | House |
| 2:24 | Build | House |
| 2:25 | Build | House |
| 2:26 | Build | House |
| 2:26 | Build | House |
| 2:27 | Build | House |
| 2:27 | Build | House |
| 2:30 | Build | House |
| 2:31 | Build | House |
| 2:31 | Build | House |
| 2:33 | Build | House |
| 2:33 | Build | House |
| 2:34 | Build | House |
| 2:35 | Build | House |
| 2:35 | Build | House |
| 2:35 | Build | House |
| 2:36 | Build | House |
| 2:36 | Build | House |
| 2:36 | Build | House |
| 2:37 | Build | House |
| 2:37 | Build | House |
| 2:38 | Build | House |
| 2:39 | Build | House |
| 3:00 | Create | Villager (Male) ×5 |
| 3:00 | Create | Villager (Male) ×5 |
| 3:00 | Create | Villager (Male) ×5 |
| 3:01 | Create | Villager (Male) ×5 |
| 3:01 | Create | Villager (Male) ×5 |
| 3:01 | Create | Villager (Male) ×5 |
| 3:01 | Create | Villager (Male) ×5 |
| 3:02 | Create | Villager (Male) ×5 |
| 3:02 | Create | Villager (Male) ×5 |
Build order — Fire_Drake_Of_Gondolin
First 150 of 683 actions detected
| 0:09 | Build | Town Center |
| 0:11 | Build | Town Center |
| 0:11 | Build | Town Center |
| 0:11 | Build | Town Center |
| 0:12 | Build | Town Center |
| 0:12 | Build | Town Center |
| 0:12 | Build | Town Center |
| 0:13 | Build | Town Center |
| 0:14 | Build | Town Center |
| 0:14 | Build | Town Center |
| 0:15 | Build | Town Center |
| 0:15 | Build | Town Center |
| 0:15 | Build | Town Center |
| 0:16 | Build | Town Center |
| 0:18 | Build | Town Center |
| 0:18 | Build | Town Center |
| 0:18 | Build | Town Center |
| 0:18 | Build | Town Center |
| 0:19 | Build | Town Center |
| 0:21 | Build | Town Center |
| 0:23 | Build | Town Center |
| 0:23 | Build | Town Center |
| 0:24 | Build | Town Center |
| 0:24 | Build | Town Center |
| 0:24 | Build | Town Center |
| 0:25 | Build | Town Center |
| 0:25 | Build | Town Center |
| 0:27 | Build | Town Center |
| 0:27 | Build | Town Center |
| 0:28 | Build | Town Center |
| 0:28 | Build | Town Center |
| 0:29 | Build | Town Center |
| 0:29 | Build | Town Center |
| 0:32 | Create | Villager (Male) ×5 |
| 0:34 | Create | Villager (Male) ×5 |
| 0:45 | Build | Market |
| 0:45 | Build | Market |
| 0:46 | Build | Market |
| 0:46 | Build | Market |
| 0:46 | Build | Market |
| 0:46 | Build | Market |
| 0:47 | Build | Market |
| 0:47 | Build | Market |
| 0:49 | Build | Market |
| 0:49 | Build | Market |
| 0:49 | Build | Market |
| 0:50 | Build | Market |
| 0:50 | Build | Market |
| 0:50 | Build | Market |
| 0:51 | Build | Market |
| 0:51 | Build | Market |
| 0:52 | Build | Market |
| 0:52 | Build | Market |
| 0:54 | Build | Market |
| 1:08 | Build | House |
| 1:09 | Build | House |
| 1:09 | Build | House |
| 1:09 | Build | House |
| 1:10 | Build | House |
| 1:10 | Build | House |
| 1:11 | Build | House |
| 1:12 | Build | House |
| 1:13 | Build | House |
| 1:13 | Build | House |
| 1:13 | Build | House |
| 1:14 | Build | House |
| 1:14 | Build | House |
| 1:14 | Build | House |
| 1:14 | Build | House |
| 1:16 | Build | House |
| 1:16 | Build | House |
| 1:16 | Build | House |
| 1:17 | Build | House |
| 1:17 | Build | House |
| 1:17 | Build | House |
| 1:17 | Build | House |
| 1:18 | Build | House |
| 1:19 | Build | House |
| 1:19 | Build | House |
| 1:19 | Build | House |
| 1:20 | Build | House |
| 1:20 | Build | House |
| 1:21 | Build | House |
| 1:21 | Build | House |
| 1:22 | Build | House |
| 1:22 | Build | House |
| 1:22 | Build | House |
| 1:23 | Build | House |
| 1:23 | Build | House |
| 1:23 | Build | House |
| 1:23 | Build | House |
| 1:24 | Build | House |
| 1:34 | Create | Villager (Male) ×5 |
| 1:34 | Create | Villager (Male) ×5 |
| 1:35 | Create | Villager (Male) ×5 |
| 1:35 | Create | Villager (Male) ×5 |
| 1:35 | Create | Villager (Male) ×5 |
| 1:36 | Create | Villager (Male) ×5 |
| 1:36 | Create | Villager (Male) ×5 |
| 1:36 | Create | Villager (Male) ×5 |
| 1:37 | Create | Villager (Male) ×5 |
| 1:50 | Create | Villager (Male) ×5 |
| 1:51 | Create | Villager (Male) ×5 |
| 1:52 | Create | Villager (Male) ×5 |
| 1:53 | Create | Villager (Male) ×5 |
| 1:53 | Create | Villager (Male) ×5 |
| 1:53 | Create | Villager (Male) |
| 2:01 | Create | Villager (Male) ×2 |
| 2:01 | Create | Villager (Male) ×2 |
| 2:01 | Create | Villager (Male) ×2 |
| 2:03 | Create | Villager (Male) ×5 |
| 2:05 | Create | Villager (Male) ×5 |
| 2:05 | Create | Villager (Male) ×5 |
| 2:26 | Build | Stone Wall |
| 2:42 | Create | Villager (Male) ×5 |
| 2:43 | Create | Villager (Male) ×5 |
| 2:43 | Create | Villager (Male) ×5 |
| 2:46 | Create | Villager (Male) ×5 |
| 2:46 | Create | Villager (Male) ×5 |
| 2:47 | Create | Villager (Male) ×5 |
| 2:47 | Create | Villager (Male) ×5 |
| 2:47 | Create | Villager (Male) ×5 |
| 3:09 | Create | Villager (Male) ×5 |
| 3:14 | Create | Villager (Male) ×5 |
| 3:23 | Create | Villager (Male) ×5 |
| 3:25 | Create | Villager (Male) ×5 |
| 3:33 | Create | Villager (Male) ×5 |
| 3:34 | Create | Villager (Male) ×5 |
| 3:38 | Create | Villager (Male) ×5 |
| 3:40 | Create | Villager (Male) ×5 |
| 3:40 | Create | Villager (Male) ×5 |
| 3:47 | Create | Villager (Male) ×5 |
| 3:50 | Create | Villager (Male) ×5 |
| 3:50 | Create | Villager (Male) ×5 |
| 3:51 | Create | Villager (Male) ×5 |
| 3:56 | Create | Villager (Male) ×5 |
| 3:57 | Create | Villager (Male) ×5 |
| 4:04 | Create | Villager (Male) ×5 |
| 4:08 | Create | Villager (Male) ×5 |
| 4:18 | Create | Villager (Male) ×5 |
| 4:18 | Create | Villager (Male) ×5 |
| 4:22 | Create | Villager (Male) ×5 |
| 4:23 | Create | Villager (Male) ×5 |
| 4:23 | Create | Villager (Male) ×5 |
| 4:40 | Create | Villager (Male) ×5 |
| 4:40 | Create | Villager (Male) ×5 |
| 4:53 | Build | Castle |
| 4:56 | Build | Castle |
| 4:58 | Build | Castle |
| 5:01 | Build | Castle |
Build order — BlackHorse
First 150 of 968 actions detected
| 0:05 | Create | Villager (Male) ×5 |
| 0:06 | Create | Villager (Male) ×5 |
| 0:06 | Create | Villager (Male) ×5 |
| 0:06 | Create | Villager (Male) ×5 |
| 0:15 | Build | Town Center |
| 0:16 | Build | Town Center |
| 0:16 | Build | Town Center |
| 0:17 | Build | Town Center |
| 0:18 | Build | Town Center |
| 0:20 | Build | Town Center |
| 0:21 | Build | Town Center |
| 0:21 | Build | Town Center |
| 0:22 | Build | Town Center |
| 0:22 | Build | Town Center |
| 0:23 | Build | Town Center |
| 0:24 | Build | Town Center |
| 0:26 | Build | Town Center |
| 0:26 | Build | Town Center |
| 0:27 | Build | Town Center |
| 0:28 | Build | Town Center |
| 0:30 | Build | Town Center |
| 0:31 | Build | Town Center |
| 0:34 | Build | Town Center |
| 0:34 | Build | Town Center |
| 0:34 | Build | Town Center |
| 0:35 | Build | Town Center |
| 0:35 | Build | Town Center |
| 0:36 | Build | Town Center |
| 0:37 | Build | Town Center |
| 0:37 | Build | Town Center |
| 0:38 | Build | Town Center |
| 0:39 | Build | Town Center |
| 0:39 | Build | Town Center |
| 0:40 | Build | Town Center |
| 0:42 | Build | Town Center |
| 0:42 | Build | Town Center |
| 0:43 | Build | Town Center |
| 0:43 | Build | Town Center |
| 0:43 | Build | Town Center |
| 0:44 | Build | Town Center |
| 0:45 | Build | Town Center |
| 0:45 | Build | Town Center |
| 0:48 | Build | Town Center |
| 0:48 | Build | Town Center |
| 0:50 | Create | Villager (Male) ×5 |
| 0:50 | Create | Villager (Male) ×5 |
| 0:51 | Create | Villager (Male) ×5 |
| 0:51 | Create | Villager (Male) ×5 |
| 0:51 | Create | Villager (Male) |
| 1:08 | Build | Market |
| 1:10 | Build | Market |
| 1:12 | Build | Market |
| 1:14 | Build | Market |
| 1:15 | Build | Market |
| 1:17 | Build | Market |
| 1:19 | Build | Market |
| 1:24 | Create | Villager (Male) ×5 |
| 1:25 | Create | Villager (Male) ×5 |
| 1:25 | Create | Villager (Male) ×5 |
| 1:25 | Create | Villager (Male) ×5 |
| 1:25 | Create | Villager (Male) ×5 |
| 1:25 | Create | Villager (Male) ×5 |
| 1:26 | Create | Villager (Male) ×5 |
| 1:26 | Create | Villager (Male) ×3 |
| 1:26 | Create | Villager (Male) ×3 |
| 2:43 | Create | Villager (Male) ×5 |
| 2:44 | Create | Villager (Male) ×5 |
| 2:44 | Create | Villager (Male) ×5 |
| 2:44 | Create | Villager (Male) ×5 |
| 2:44 | Create | Villager (Male) ×5 |
| 2:45 | Create | Villager (Male) ×5 |
| 2:45 | Create | Villager (Male) ×5 |
| 2:45 | Create | Villager (Male) ×5 |
| 2:46 | Create | Villager (Male) ×5 |
| 2:46 | Create | Villager (Male) ×5 |
| 2:46 | Create | Villager (Male) ×5 |
| 2:47 | Create | Villager (Male) ×5 |
| 2:47 | Create | Villager (Male) ×5 |
| 2:47 | Create | Villager (Male) ×5 |
| 2:47 | Create | Villager (Male) ×5 |
| 2:48 | Create | Villager (Male) ×5 |
| 3:00 | Build | House |
| 3:00 | Build | House |
| 3:01 | Build | House |
| 3:01 | Build | House |
| 3:02 | Build | House |
| 3:03 | Build | House |
| 3:03 | Build | House |
| 3:03 | Build | House |
| 3:04 | Build | House |
| 3:05 | Build | House |
| 3:06 | Build | House |
| 3:06 | Build | House |
| 3:06 | Build | House |
| 3:07 | Build | House |
| 3:09 | Build | House |
| 3:10 | Build | House |
| 3:10 | Build | House |
| 3:11 | Build | House |
| 3:12 | Build | House |
| 3:13 | Build | House |
| 3:14 | Build | House |
| 3:14 | Build | House |
| 3:15 | Build | House |
| 3:15 | Build | House |
| 3:16 | Build | House |
| 3:18 | Create | Villager (Male) ×5 |
| 3:18 | Create | Villager (Male) ×5 |
| 3:18 | Create | Villager (Male) ×5 |
| 3:19 | Create | Villager (Male) ×5 |
| 3:19 | Create | Villager (Male) ×5 |
| 3:19 | Create | Villager (Male) ×5 |
| 3:19 | Create | Villager (Male) ×5 |
| 3:20 | Create | Villager (Male) ×5 |
| 3:20 | Create | Villager (Male) ×5 |
| 3:20 | Create | Villager (Male) ×5 |
| 3:20 | Create | Villager (Male) ×5 |
| 3:21 | Create | Villager (Male) ×5 |
| 3:21 | Create | Villager (Male) ×5 |
| 3:21 | Create | Villager (Male) ×5 |
| 3:22 | Create | Villager (Male) ×5 |
| 3:45 | Create | Villager (Male) ×5 |
| 3:45 | Create | Villager (Male) ×5 |
| 3:45 | Create | Villager (Male) ×5 |
| 3:46 | Create | Villager (Male) ×5 |
| 3:46 | Create | Villager (Male) ×5 |
| 3:46 | Create | Villager (Male) ×5 |
| 3:46 | Create | Villager (Male) ×5 |
| 3:47 | Create | Villager (Male) ×5 |
| 3:48 | Create | Villager (Male) ×5 |
| 3:48 | Create | Villager (Male) ×5 |
| 3:48 | Create | Villager (Male) ×5 |
| 3:48 | Create | Villager (Male) ×5 |
| 3:48 | Create | Villager (Male) ×5 |
| 3:49 | Create | Villager (Male) ×5 |
| 3:49 | Create | Villager (Male) ×5 |
| 3:49 | Create | Villager (Male) ×5 |
| 3:56 | Build | Mining Camp |
| 4:02 | Create | Trade Cart ×5 |
| 4:02 | Create | Trade Cart ×5 |
| 4:03 | Create | Trade Cart ×5 |
| 4:03 | Create | Trade Cart ×5 |
| 4:03 | Create | Trade Cart ×5 |
| 4:03 | Create | Trade Cart ×5 |
| 4:04 | Create | Trade Cart ×5 |
| 4:04 | Create | Trade Cart ×5 |
| 4:04 | Create | Trade Cart ×5 |
| 4:04 | Create | Trade Cart ×5 |
| 4:05 | Create | Trade Cart ×5 |
| 4:05 | Create | Trade Cart ×5 |
Build order — koru7766
First 150 of 462 actions detected
| 0:21 | Build | Town Center |
| 0:22 | Build | Town Center |
| 0:23 | Build | Town Center |
| 0:26 | Build | Town Center |
| 0:33 | Build | Town Center |
| 0:35 | Build | Town Center |
| 1:02 | Build | House |
| 1:03 | Build | House |
| 1:04 | Build | House |
| 1:07 | Build | House |
| 1:08 | Build | House |
| 1:09 | Build | House |
| 1:11 | Build | House |
| 1:12 | Build | House |
| 1:13 | Build | House |
| 1:14 | Build | House |
| 1:16 | Build | House |
| 1:17 | Build | House |
| 1:20 | Build | House |
| 1:22 | Build | House |
| 1:28 | Build | House |
| 1:29 | Build | House |
| 1:30 | Build | House |
| 1:31 | Build | House |
| 1:32 | Build | House |
| 1:33 | Build | House |
| 1:34 | Build | House |
| 1:35 | Build | House |
| 1:37 | Build | House |
| 1:38 | Build | House |
| 1:39 | Build | House |
| 1:41 | Build | House |
| 1:42 | Build | House |
| 2:01 | Build | Market |
| 2:03 | Build | Market |
| 2:04 | Build | Market |
| 2:13 | Build | Market |
| 2:15 | Build | Market |
| 2:17 | Build | Market |
| 2:23 | Create | Villager (Male) ×5 |
| 2:23 | Create | Villager (Male) ×5 |
| 2:24 | Create | Villager (Male) ×5 |
| 2:24 | Create | Villager (Male) ×5 |
| 2:24 | Create | Villager (Male) ×5 |
| 2:25 | Create | Villager (Male) ×5 |
| 2:25 | Create | Villager (Male) ×5 |
| 2:25 | Create | Villager (Male) ×5 |
| 2:26 | Create | Villager (Male) ×5 |
| 2:26 | Create | Villager (Male) ×5 |
| 2:26 | Create | Villager (Male) ×5 |
| 2:27 | Create | Villager (Male) ×5 |
| 2:27 | Create | Villager (Male) ×5 |
| 2:27 | Create | Villager (Male) ×5 |
| 2:28 | Create | Villager (Male) ×5 |
| 2:28 | Create | Villager (Male) ×5 |
| 2:57 | Build | Mining Camp |
| 2:59 | Build | Mining Camp |
| 3:01 | Build | Mining Camp |
| 3:06 | Build | Mining Camp |
| 3:09 | Build | Mining Camp |
| 4:40 | Build | Stone Wall |
| 4:55 | Build | Gate |
| 4:58 | Build | Gate |
| 5:01 | Build | Gate |
| 5:02 | Build | Gate |
| 5:25 | Create | Trade Cart ×5 |
| 5:25 | Create | Trade Cart ×5 |
| 5:25 | Create | Trade Cart ×5 |
| 5:26 | Create | Trade Cart ×5 |
| 5:26 | Create | Trade Cart ×5 |
| 5:26 | Create | Trade Cart ×5 |
| 5:27 | Create | Trade Cart ×5 |
| 5:27 | Create | Trade Cart ×5 |
| 5:27 | Create | Trade Cart ×5 |
| 5:28 | Create | Trade Cart ×5 |
| 5:28 | Create | Trade Cart ×5 |
| 5:28 | Create | Trade Cart ×5 |
| 5:29 | Create | Trade Cart ×5 |
| 5:29 | Create | Trade Cart ×5 |
| 5:29 | Create | Trade Cart ×5 |
| 5:30 | Create | Trade Cart ×5 |
| 5:30 | Create | Trade Cart ×5 |
| 5:30 | Create | Trade Cart ×5 |
| 5:31 | Create | Trade Cart ×5 |
| 5:53 | Build | Stone Wall |
| 6:00 | Build | Gate |
| 6:01 | Build | Gate |
| 6:02 | Build | Gate |
| 6:06 | Build | Gate |
| 6:07 | Build | Gate |
| 6:12 | Create | Villager (Male) |
| 6:12 | Create | Villager (Male) ×5 |
| 6:12 | Create | Villager (Male) ×5 |
| 6:13 | Create | Villager (Male) ×4 |
| 6:13 | Create | Villager (Male) ×4 |
| 6:19 | Create | Villager (Male) ×5 |
| 6:20 | Create | Villager (Male) ×5 |
| 6:20 | Create | Villager (Male) ×5 |
| 6:20 | Create | Villager (Male) ×5 |
| 6:41 | Build | Mill |
| 6:44 | Build | Mill |
| 6:48 | Build | Farm |
| 6:48 | Build | Farm |
| 6:49 | Build | Farm |
| 6:50 | Build | Farm |
| 6:51 | Build | Farm |
| 6:51 | Build | Farm |
| 6:52 | Build | Farm |
| 6:53 | Build | Farm |
| 6:54 | Build | Farm |
| 6:55 | Build | Farm |
| 6:56 | Build | Farm |
| 6:57 | Build | Farm |
| 6:58 | Build | Farm |
| 6:59 | Build | Farm |
| 7:00 | Build | Farm |
| 7:01 | Build | Farm |
| 7:05 | Build | Farm |
| 7:25 | Build | Stone Wall |
| 7:36 | Build | Farm |
| 7:37 | Build | Farm |
| 7:38 | Build | Farm |
| 7:39 | Build | Farm |
| 7:40 | Build | Farm |
| 7:40 | Build | Farm |
| 7:41 | Build | Farm |
| 7:42 | Build | Farm |
| 7:43 | Build | Farm |
| 7:44 | Build | Farm |
| 7:45 | Build | Farm |
| 7:46 | Build | Farm |
| 7:47 | Build | Farm |
| 7:48 | Build | Farm |
| 7:49 | Build | Farm |
| 7:50 | Build | Farm |
| 8:05 | Build | House |
| 8:07 | Build | House |
| 8:08 | Build | House |
| 8:09 | Build | House |
| 8:10 | Build | House |
| 8:11 | Build | House |
| 8:12 | Build | House |
| 8:14 | Build | House |
| 8:15 | Build | House |
| 8:18 | Build | House |
| 8:19 | Build | House |
| 8:20 | Build | House |
| 8:22 | Build | House |
| 8:23 | Build | House |
| 8:41 | Build | Stable |
Match timeline
| 0:13 | troygracie · first_market_buy 500 stone |
| 0:21 | ANCIANO · first_market_buy 500 stone |
| 2:13 | PAYTO1762 · wall_segment Stone Wall x3 |
| 2:26 | Fire_Drake_Of_Gondolin · wall_segment Stone Wall x83 |
| 3:35 | ANCIANO · first_building Castle |
| 3:53 | troygracie · wall_segment Stone Wall x29 |
| 3:55 | troygracie · wall_segment Stone Wall x13 |
| 3:56 | troygracie · wall_segment Stone Wall x1 |
| 3:56 | troygracie · wall_segment Stone Wall x1 |
| 3:59 | troygracie · wall_segment Stone Wall x13 |
| 4:01 | troygracie · wall_segment Stone Wall x16 |
| 4:40 | koru7766 · wall_segment Stone Wall x33 |
| 4:53 | Fire_Drake_Of_Gondolin · first_building Castle |
| 5:13 | Fire_Drake_Of_Gondolin · first_market_buy 500 stone |
| 5:13 | wololo · wall_segment Stone Wall x18 |
| 5:18 | jasi · first_building Castle |
| 5:20 | BlackHorse · first_building Castle |
| 5:23 | PAYTO1762 · first_building Stable |
| 5:49 | troygracie · first_building Castle |
| 5:53 | koru7766 · wall_segment Stone Wall x54 |
| 6:26 | BlackHorse · first_market_buy 500 stone |
| 6:43 | troygracie · wall_segment Stone Wall x34 |
| 6:45 | troygracie · wall_segment Stone Wall x10 |
| 6:50 | PAYTO1762 · wall_segment Stone Wall x26 |
| 6:55 | PAYTO1762 · wall_segment Stone Wall x28 |
| 7:03 | troygracie · wall_segment Stone Wall x29 |
| 7:04 | troygracie · wall_segment Stone Wall x9 |
| 7:05 | troygracie · wall_segment Stone Wall x5 |
| 7:06 | PAYTO1762 · first_building Castle |
| 7:17 | PAYTO1762 · wall_segment Stone Wall x3 |
| 7:20 | troygracie · first_building Archery Range |
| 7:20 | jasi · first_market_buy 500 stone |
| 7:25 | koru7766 · wall_segment Stone Wall x39 |
| 7:33 | Fire_Drake_Of_Gondolin · wall_segment Stone Wall x56 |
| 7:34 | troygracie · first_building Siege Workshop |
| 7:56 | jasi · first_building Siege Workshop |
| 8:00 | troygracie · first_building Stable |
| 8:01 | BlackHorse · wall_segment Stone Wall x92 |
| 8:17 | Fire_Drake_Of_Gondolin · wall_segment Stone Wall x80 |
| 8:20 | wololo · wall_segment Stone Wall x28 |
| 8:41 | koru7766 · first_building Stable |
| 8:59 | troygracie · wall_segment Stone Wall x24 |
| 9:00 | troygracie · wall_segment Stone Wall x12 |
| 9:04 | troygracie · wall_segment Stone Wall x14 |
| 9:05 | troygracie · wall_segment Stone Wall x3 |
| 9:08 | troygracie · wall_segment Stone Wall x11 |
| 9:09 | koru7766 · first_building Castle |
| 9:10 | troygracie · wall_segment Stone Wall x11 |
| 9:10 | ANCIANO · wall_segment Stone Wall x6 |
| 9:13 | ANCIANO · wall_segment Stone Wall x18 |
| 9:20 | wololo · wall_segment Stone Wall x11 |
| 9:28 | ANCIANO · wall_segment Stone Wall x6 |
| 9:30 | BlackHorse · wall_segment Stone Wall x95 |
| 9:32 | wololo · wall_segment Stone Wall x19 |
| 9:37 | ANCIANO · wall_segment Stone Wall x73 |
| 10:00 | Fire_Drake_Of_Gondolin · wall_segment Stone Wall x14 |
| 10:07 | Fire_Drake_Of_Gondolin · first_building Stable |
| 10:12 | troygracie · wall_segment Stone Wall x8 |
| 10:17 | jasi · wall_segment Stone Wall x64 |
| 10:19 | jasi · wall_segment Stone Wall x9 |
| 10:34 | troygracie · wall_segment Stone Wall x9 |
| 10:35 | PAYTO1762 · wall_segment Stone Wall x1 |
| 10:41 | troygracie · wall_segment Stone Wall x19 |
| 10:42 | troygracie · wall_segment Stone Wall x7 |
| 10:44 | troygracie · wall_segment Stone Wall x3 |
| 10:49 | wololo · first_building Castle |
| 10:49 | PAYTO1762 · wall_segment Stone Wall x4 |
| 10:56 | PAYTO1762 · first_building Siege Workshop |
| 11:05 | PAYTO1762 · wall_segment Stone Wall x2 |
| 11:15 | ANCIANO · first_building Stable |
| 11:16 | jasi · first_building Stable |
| 11:17 | BlackHorse · wall_segment Stone Wall x33 |
| 11:30 | Fire_Drake_Of_Gondolin · first_building Siege Workshop |
| 11:31 | PAYTO1762 · wall_segment Stone Wall x21 |
| 11:34 | jasi · first_building Archery Range |
| 11:38 | ANCIANO · first_building Siege Workshop |
| 11:39 | PAYTO1762 · wall_segment Stone Wall x16 |
| 11:54 | BlackHorse · wall_segment Stone Wall x96 |
| 12:37 | PAYTO1762 · wall_segment Stone Wall x3 |
| 12:38 | BlackHorse · wall_segment Stone Wall x27 |
| 12:38 | troygracie · wall_segment Stone Wall x14 |
| 12:42 | troygracie · wall_segment Stone Wall x11 |
| 12:45 | troygracie · wall_segment Stone Wall x11 |
| 12:48 | wololo · first_building Stable |
| 13:00 | BlackHorse · wall_segment Stone Wall x27 |
| 13:31 | BlackHorse · wall_segment Stone Wall x15 |
| 13:35 | PAYTO1762 · wall_segment Stone Wall x4 |
| 13:38 | troygracie · wall_segment Stone Wall x3 |
| 13:42 | troygracie · wall_segment Stone Wall x11 |
| 13:54 | Fire_Drake_Of_Gondolin · wall_segment Stone Wall x68 |
| 13:55 | troygracie · wall_segment Stone Wall x14 |
| 13:56 | troygracie · wall_segment Stone Wall x9 |
| 13:58 | troygracie · wall_segment Stone Wall x16 |
| 13:58 | PAYTO1762 · wall_segment Stone Wall x7 |
| 14:01 | troygracie · wall_segment Stone Wall x13 |
| 14:01 | PAYTO1762 · wall_segment Stone Wall x23 |
| 14:34 | koru7766 · wall_segment Stone Wall x9 |
| 15:24 | PAYTO1762 · first_building Archery Range |
| 15:32 | Fire_Drake_Of_Gondolin · wall_segment Stone Wall x35 |
| 15:32 | BlackHorse · first_building Stable |
| 15:41 | wololo · wall_segment Stone Wall x15 |
| 15:57 | BlackHorse · wall_segment Stone Wall x35 |
| 16:01 | PAYTO1762 · first_building Barracks |
| 16:18 | BlackHorse · first_building Archery Range |
| 16:26 | troygracie · wall_segment Stone Wall x23 |
| 16:28 | troygracie · wall_segment Stone Wall x13 |
| 16:29 | troygracie · wall_segment Stone Wall x6 |
| 16:30 | BlackHorse · first_building Siege Workshop |
| 16:53 | koru7766 · first_building Siege Workshop |
| 16:59 | ANCIANO · wall_segment Stone Wall x9 |
| 17:12 | wololo · first_building Barracks |
| 17:26 | PAYTO1762 · wall_segment Stone Wall x15 |
| 17:41 | koru7766 · wall_segment Stone Wall x2 |
| 17:56 | koru7766 · wall_segment Stone Wall x8 |
| 18:12 | PAYTO1762 · wall_segment Stone Wall x7 |
| 18:16 | BlackHorse · first_building Barracks |
| 18:24 | PAYTO1762 · wall_segment Stone Wall x6 |
| 19:19 | Fire_Drake_Of_Gondolin · wall_segment Stone Wall x17 |
| 21:54 | Fire_Drake_Of_Gondolin · wall_segment Stone Wall x32 |
| 21:58 | troygracie · wall_segment Stone Wall x7 |
| 21:59 | troygracie · wall_segment Stone Wall x10 |
| 22:00 | troygracie · wall_segment Stone Wall x7 |
| 22:03 | troygracie · wall_segment Stone Wall x10 |
| 22:04 | troygracie · wall_segment Stone Wall x3 |
| 27:21 | Fire_Drake_Of_Gondolin · wall_segment Stone Wall x9 |
| 28:05 | Fire_Drake_Of_Gondolin · wall_segment Stone Wall x17 |
| 29:02 | troygracie · wall_segment Stone Wall x17 |
| 29:04 | troygracie · wall_segment Stone Wall x12 |
| 29:04 | troygracie · wall_segment Stone Wall x2 |
| 31:18 | BlackHorse · wall_segment Stone Wall x9 |
| 31:24 | Fire_Drake_Of_Gondolin · first_building Barracks |
| 31:47 | troygracie · wall_segment Stone Wall x12 |
| 31:48 | troygracie · wall_segment Stone Wall x8 |
| 31:56 | BlackHorse · wall_segment Stone Wall x13 |
| 33:27 | PAYTO1762 · tribute_sent a jugador 1 |
| 33:27 | PAYTO1762 · tribute_sent a jugador 2 |
| 33:27 | PAYTO1762 · tribute_sent a jugador 3 |
| 33:27 | PAYTO1762 · tribute_sent a jugador 4 |
| 33:27 | PAYTO1762 · tribute_sent a jugador 6 |
| 33:27 | PAYTO1762 · tribute_sent a jugador 7 |
| 33:27 | PAYTO1762 · tribute_sent a jugador 8 |
| 33:52 | PAYTO1762 · tribute_sent a jugador 1 |
| 33:52 | PAYTO1762 · tribute_sent a jugador 2 |
| 33:52 | PAYTO1762 · tribute_sent a jugador 3 |
| 33:52 | PAYTO1762 · tribute_sent a jugador 4 |
| 33:52 | PAYTO1762 · tribute_sent a jugador 6 |
| 33:52 | PAYTO1762 · tribute_sent a jugador 7 |
| 33:52 | PAYTO1762 · tribute_sent a jugador 8 |
| 35:04 | Fire_Drake_Of_Gondolin · tribute_sent a jugador 1 |
| 35:04 | Fire_Drake_Of_Gondolin · tribute_sent a jugador 2 |
| 35:04 | Fire_Drake_Of_Gondolin · tribute_sent a jugador 3 |
| 35:04 | Fire_Drake_Of_Gondolin · tribute_sent a jugador 4 |
| 35:04 | Fire_Drake_Of_Gondolin · tribute_sent a jugador 5 |
| 35:04 | Fire_Drake_Of_Gondolin · tribute_sent a jugador 7 |
| 35:04 | Fire_Drake_Of_Gondolin · tribute_sent a jugador 8 |
| 35:10 | wololo · resign |
[ AI ANALYSIS · 1 CREDIT ]
What really happened in this match?
Wolo.gg analyzes every decision: build order, eco, micro, common mistakes by bracket. Personalized analysis on WhatsApp or Discord in 30 seconds.
Civ guide
Berbers
Perfil
Jugador #21560521